 Dungeon Crawl Stone Soup version 0.21-a0-380-gd65dc97 (webtiles) character file.

50947 graki42 the Bludgeoner (level 14, -7/90 HPs)
             Began as a Gargoyle Berserker on Oct 17, 2017.
             Was a High Priest of Trog.
             Mangled by an entropy weaver
             ... wielding a +0 great mace
              (16 damage)
             ... on level 6 of the Lair of Beasts.
             The game lasted 00:56:40 (18281 turns).

graki42 the Bludgeoner (Gargoyle Berserker)        Turns: 18281, Time: 00:56:42

Health: -7/90      AC:  4    Str: 25    XL:     14   Next: 57%
Magic:  14/14      EV: 10    Int:  9    God:    Trog [*****.]
Gold:   1410       SH: 14    Dex:  9    Spells: 13/13 levels left

rFire    . . .     SeeInvis +   O - +2 morningstar (crush)
rCold    + . .     Gourm    .   k - +1 shield
rNeg     + . .     Faith    +   m - +0 ice dragon scales
rPois    ∞         Spirit   .   M - +1 hat
rElec    +         Reflect  .   (no cloak)
rCorr    .         Harm     .   I - +0 pair of gloves
MR       +++..                  S - +0 pair of boots
Stlth    ..........             L - amulet of faith
HPRegen  0.25/turn              W - ring of see invisible
MPRegen  0.14/turn              K - ring of fire

@: corroded, berserk cooldown, flying, slowed, very slow
A: big wings, magic resistance 2, negative energy resistance 1, electricity
resistance, unbreathing, petrification resistance, rot immunity, MP-powered
wands, AC +10
a: Stop Flying, Berserk, Trog's Hand, Brothers in Arms, Burn Spellbooks,
Renounce Religion


You were on level 6 of the Lair of Beasts.
You worshipped Trog.
Trog was extremely pleased with you.
You were hungry.

You visited 3 branches of the dungeon, and saw 18 of its levels.

You collected 1410 gold pieces.

Inventory:

Hand Weapons
 a - a cursed -1 blowgun
 J - a +4 demon blade of venom
 O - a +2 morningstar of crushing (weapon)
Missiles
 y - 4 needles of confusion
Armour
 k - a +1 shield (worn)
 m - +0 ice dragon scales (worn)
 I - a +0 pair of gloves (worn)
 M - a +1 hat (worn)
 S - a +0 pair of boots (worn)
Jewellery
 v - the ring "Seariaq" {+Inv Str-2}
   (You found it on level 3 of the Lair of Beasts)

   [ring of strength]

   It affects your strength (-2).
   It lets you turn invisible.
 K - a ring of fire (right hand)
 L - an amulet of faith (around neck)
 W - a ring of see invisible (left hand)
Wands
 j - a wand of acid (2/15)
 w - a wand of random effects (30/48)
 F - a wand of random effects (19/48)
 N - a wand of acid (5/15)
 Q - a wand of disintegration (20/24)
Scrolls
 d - 5 scrolls of magic mapping
 f - 5 scrolls of identify
 l - 3 scrolls of remove curse
 x - 4 scrolls of teleportation
 A - a scroll of holy word
 B - a scroll of silence
 G - a scroll of enchant armour
 H - 2 scrolls of fear
Potions
 b - 4 potions of ambrosia
 g - 6 potions of curing
 i - 2 potions of resistance {unknown}
 n - 3 potions of heal wounds
 p - 2 potions of haste
 s - a potion of berserk rage {unknown}
 t - 8 potions of mutation
 z - a potion of flight
 C - a potion of agility
 E - 3 potions of invisibility
 R - 3 potions of might
 T - a potion of brilliance
Books
 e - a book of the Tempests

   Spells                             Type                      Level
   a - Static Discharge               Conjuration/Air              3
   b - Lightning Bolt                 Conjuration/Air              5
   c - Ignition                       Fire                         8
   d - Tornado                        Air                          9
   e - Shatter                        Earth                        9
   Trog disapproves of the use of such an item.
 o - a book of Callings

   Spells                             Type                      Level
   a - Summon Small Mammal            Summoning                    1
   b - Call Imp                       Summoning                    2
   c - Call Canine Familiar           Summoning                    3
   d - Summon Guardian Golem          Hexes/Summoning              3
   e - Summon Lightning Spire         Summoning/Air                4
   f - Summon Ice Beast               Ice/Summoning                4
   Trog disapproves of the use of such an item.
 r - a book of Misfortune

   Spells                             Type                      Level
   a - Confusing Touch                Hexes                        1
   b - Confuse                        Hexes                        3
   c - Gell's Gravitas                Translocation                3
   d - Petrify                        Transmutation/Earth          4
   e - Metabolic Englaciation         Hexes/Ice                    5
   f - Yara's Violent Unravelling     Hexes/Transmutation          5
   Trog disapproves of the use of such an item.
 D - a book of Callings

   Spells                             Type                      Level
   a - Summon Small Mammal            Summoning                    1
   b - Call Imp                       Summoning                    2
   c - Call Canine Familiar           Summoning                    3
   d - Summon Guardian Golem          Hexes/Summoning              3
   e - Summon Lightning Spire         Summoning/Air                4
   f - Summon Ice Beast               Ice/Summoning                4
   Trog disapproves of the use of such an item.
Comestibles
 c - 9 bread rations
 h - 13 fruits
 q - 3 royal jellies
 u - 9 meat rations


   Skills:
 + Level 11.4 Fighting
 + Level 2.9 Long Blades
 + Level 15.1 Maces & Flails
 * Level 12.1 Armour
 - Level 1.7 Dodging
 - Level 1.4 Stealth
 + Level 13.5 Shields


You had 13 spell levels left.
You didn't know any spells.

Dungeon Overview and Level Annotations

Branches:
Dungeon (11/15)            Temple (1/1) D:6            Lair (6/6) D:10
 Shoals (0/4) Lair:4       Spider (0/4) Lair:2        Slime (0/5) Lair:6
    Orc (0/2) D:9

Altars:
Ashenzari
Cheibriados
Dithmenos
Elyvilon
Fedhas
Gozag
Hepliaklqana
Kikubaaqudgha
Makhleb
Nemelex Xobeh
Okawaru
Qazlal
Ru
Sif Muna
Trog
Uskayaw
Vehumet
Wu Jian
Xom
Yredelemnul
Zin
The Shining One
Jiyva

Portals:
Trove: D:11 (give 9 potions of haste)


Innate Abilities, Weirdness & Mutations

You are resistant to torment.
Your stone body is resilient. (AC +10)
You are immune to poison.
Your large and strong wings let you fly indefinitely.
You resist negative energy. (rN+)
You are resistant to electric shocks. (rElec)
You can survive without breathing.
You are immune to petrification.
You are immune to rotting.
You are highly resistant to hostile enchantments. (MR++)
You expend magic power (3 MP) to strengthen your wands.


Message History

The entropy weaver is moderately wounded.
You block the entropy weaver's attack. x3
The entropy weaver barely misses you.
You closely miss the entropy weaver.
The entropy weaver is moderately wounded.
The entropy weaver casts a spell.
The entropic weave corrodes you!
You barely miss the entropy weaver.
The entropy weaver is moderately wounded.
You block the entropy weaver's attack.
The entropy weaver hits you with a great mace!
* * * LOW HITPOINT WARNING * * *
The entropy weaver hits you with a great mace!
* * * LOW HITPOINT WARNING * * *
The entropy weaver hits you with a great mace.
* * * LOW HITPOINT WARNING * * *
The entropy weaver barely misses you. You block the entropy weaver's attack.
The entropy weaver barely misses you.
The entropy weaver hits you with a great mace!
You die...

### ###.# ### ###.††##
#.### ###....@.# ...P#
##....#''a# >_..#
##....##...#
....####...###..#..#
.....#....##...###...#
#.........#)... ...$#
##....#..###... ...##
?....##### ..#. .#..#
.......# ..### #..


You could see an entropy weaver.

Vanquished Creatures
  Gastronok (D:11)
  An entropy weaver (Lair:6)
  Josephine (Lair:4)
  5 hydras
  3 two-headed ogres
  4 death yaks (Lair:5)
  A queen ant (Lair:6)
  The ghost of MrVivor the Grappler, a novice TrMo of Wu Jian (D:8)
  An orb spider (Lair:2)
  An oklob plant (Lair:1)
  A cyclops (D:11)
  Maurice (D:8)
  A merfolk siren (Lair:4)
  7 black mambas
  A torpor snail (Lair:4)
  15 spiny frogs
  A centaur skeleton (D:11)
  2 rime drakes (Lair:5)
  4 komodo dragons
  A troll (D:10)
  4 polar bears
  7 hornets
  2 merfolk (Lair:4)
  16 blink frogs
  6 hippogriffs
  13 spriggans (Lair:6)
  3 wyverns
  4 wraiths (Lair:4)
  31 yaks
  Eustachio (D:5)
  5 basilisks
  4 water moccasins
  14 soldier ants (Lair:6)
  7 porcupines
  4 orc warriors
  2 ice beasts
  3 sky beasts
  A phantom (D:7)
  7 black bears
  4 boggarts (Lair:6)
  2 ogres
  32 wolves
  3 centaurs
  12 crocodiles
  Blork the orc (D:4)
  A big kobold (D:6)
  12 bullfrogs
  3 scorpions
  48 killer bees
  An electric eel (Lair:4)
  6 wights
  3 howler monkeys
  3 crimson imps
  A quasit (D:7)
  2 hounds
  A jelly (D:6)
  4 orc priests
  2 bullfrog skeletons (D:4)
  An iguana (D:7)
  5 orc wizards
  12 worker ants
  A mummy (D:7)
  A worker ant zombie (D:7)
  7 adders
  A shadow imp (D:7)
  4 worms
  3 leopard geckos
  42 orcs
  3 ball pythons
  13 giant cockroaches
  5 goblins
  10 hobgoblins (D:1)
  8 jackals (D:1)
  2 quokkas
  6 bats
  7 frilled lizards
  2 jackal skeletons
  13 kobolds
  A leopard gecko skeleton (D:7)
  A quokka skeleton (D:5)
  A quokka zombie (D:6)
  4 rats
  A fungus (Lair:4)
  A plant (Lair:1)
483 creatures vanquished.

Vanquished Creatures (others)
  15 fungi
  8 plants
23 creatures vanquished.

Grand Total: 506 creatures vanquished

Notes
Turn   | Place    | Note
-------+----------+-------------------------------------------
     0 | D:1      | graki42 the Gargoyle Berserker began the quest for the Orb.
     0 | D:1      | Reached XP level 1. HP: 14/14 MP: 1/1
   349 | D:1      | Reached XP level 2. HP: 19/19 MP: 2/2
   630 | D:1      | Reached XP level 3. HP: 21/24 MP: 3/3
   635 | D:1      | Reached ** piety under Trog
  1152 | D:2      | Reached skill level 4 in Maces & Flails
  1152 | D:2      | Reached XP level 4. HP: 18/29 MP: 4/4
  1332 | D:2      | Found a blossoming altar of Fedhas.
  1545 | D:2      | Reached skill level 1 in Shields
  1590 | D:2      | Reached skill level 1 in Stealth
  2266 | D:3      | Reached XP level 5. HP: 32/33 MP: 5/5
  2378 | D:3      | Found a basalt altar of Yredelemnul.
  2924 | D:4      | Noticed Blork the orc
  2934 | D:4      | Killed Blork the orc
  3074 | D:4      | Reached skill level 5 in Maces & Flails
  3074 | D:4      | Reached XP level 6. HP: 38/38 MP: 6/6
  3891 | D:4      | Reached XP level 7. HP: 42/44 MP: 7/7
  4114 | D:5      | Entered Level 5 of the Dungeon
  4522 | D:5      | Noticed Eustachio
  4541 | D:5      | Killed Eustachio
  4541 | D:5      | Reached skill level 6 in Maces & Flails
  4753 | D:6      | Reached skill level 5 in Fighting
  4981 | D:6      | Found a staircase to the Ecumenical Temple.
  4996 | D:6      | Reached *** piety under Trog
  5055 | D:6      | Reached XP level 8. HP: 47/49 MP: 8/8
  5076 | D:6      | Reached skill level 7 in Maces & Flails
  5093 | Temple   | Entered the Ecumenical Temple
  5576 | D:6      | Got a transparent chain mail
  5587 | D:6      | Identified the cursed +1 chain mail of the Postmodern Stars {*Drain rC++ Slay-4 SInv} (You found it on level 6 of the Dungeon)
  5951 | D:7      | Noticed a hippogriff
  6012 | D:7      | Reached skill level 5 in Shields
  6035 | D:7      | Killed a hippogriff
  6035 | D:7      | Reached skill level 8 in Maces & Flails
  6035 | D:7      | Reached XP level 9. HP: 40/55 MP: 9/9
  6071 | D:7      | Reached skill level 5 in Armour
  6202 | D:7      | Got a smoking ring mail
  6213 | D:7      | Identified the cursed +1 ring mail of the Stallion {rElec Regen+ MP+9} (You found it on level 7 of the Dungeon)
  6311 | D:7      | Received a gift from Trog
  6643 | D:7      | Gained mutation: You expend magic power (3 MP) to strengthen your wands. [mutagenic meat]
  6644 | D:7      | Gained mutation: You have large cloven feet. [mutagenic meat]
  6645 | D:7      | Gained mutation: You are resistant to hostile enchantments. (MR+) [mutagenic meat]
  6646 | D:7      | Lost mutation: You have large cloven feet. [mutagenic meat]
  6832 | D:7      | Found a snail-covered altar of Cheibriados.
  6995 | D:8      | Noticed MrVivor's ghost (novice TrMo)
  6998 | D:8      | Noticed Maurice
  7025 | D:8      | Killed MrVivor's ghost
  7025 | D:8      | Reached skill level 9 in Maces & Flails
  7201 | D:8      | Killed Maurice
  7201 | D:8      | Reached XP level 10. HP: 63/63 MP: 10/10
  7298 | D:8      | Noticed a two-headed ogre
  7312 | D:8      | Killed a two-headed ogre
  7312 | D:8      | Reached **** piety under Trog
  7794 | D:8      | Reached skill level 10 in Maces & Flails
  7800 | D:8      | Gained mutation: You are highly resistant to hostile enchantments. (MR++) [mutagenic meat]
  7953 | D:9      | Found a staircase to the Orcish Mines.
  8005 | D:9      | Found a snail-covered altar of Cheibriados.
  8591 | D:10     | Entered Level 10 of the Dungeon
  8642 | D:10     | Found a staircase to the Lair.
  9651 | D:10     | Reached XP level 11. HP: 68/68 MP: 11/11
  9721 | D:11     | Noticed a two-headed ogre
  9732 | D:11     | Killed a two-headed ogre
  9732 | D:11     | Reached skill level 11 in Maces & Flails
  9850 | D:11     | Noticed Gastronok
 10096 | D:11     | Killed Gastronok
 10290 | D:11     | Reached skill level 10 in Shields
 10432 | D:11     | Noticed a cyclops
 10448 | D:11     | Killed a cyclops
 10459 | D:11     | Reached ***** piety under Trog
 10555 | D:11     | Noticed a two-headed ogre
 10571 | D:11     | Killed a two-headed ogre
 10867 | D:11     | Reached skill level 12 in Maces & Flails
 11016 | D:11     | Found a portal to a secret trove of treasure.
 11188 | Lair:1   | Entered Level 1 of the Lair of Beasts
 11397 | Lair:1   | Reached XP level 12. HP: 75/75 MP: 12/12
 12170 | Lair:2   | Noticed a six-headed hydra
 12180 | Lair:2   | Killed a six-headed hydra
 12421 | Lair:1   | Identified a scroll of acquirement
 12422 | Lair:1   | Got a crude platinum ring
 12424 | Lair:1   | Identified the ring "Waamyfa" {rN+ MP+9 Str+4 Dex-3 SInv} (You acquired it on level 1 of the Lair of Beasts)
 12624 | Lair:2   | Found a hole to the Spider Nest.
 12823 | Lair:2   | Noticed a five-headed hydra
 12830 | Lair:2   | Killed a five-headed hydra
 13322 | Lair:3   | Reached skill level 13 in Maces & Flails
 13577 | Lair:3   | Reached skill level 10 in Armour
 13837 | Lair:3   | Got a warped silver ring
 14406 | Lair:4   | Noticed a seven-headed hydra
 14427 | Lair:4   | Killed a seven-headed hydra
 14427 | Lair:4   | Reached XP level 13. HP: 82/82 MP: 13/13
 14514 | Lair:4   | Noticed Josephine
 14533 | Lair:4   | Killed Josephine
 14533 | Lair:4   | Reached skill level 10 in Fighting
 14960 | Lair:4   | Found a staircase to the Shoals.
 14988 | Lair:4   | Reached skill level 14 in Maces & Flails
 15354 | Lair:5   | Identified the cursed ring "Seariaq" {+Inv Str-2} (You found it on level 3 of the Lair of Beasts)
 15853 | Lair:6   | Entered Level 6 of the Lair of Beasts
 15894 | Lair:6   | Received a gift from Trog
 16318 | Lair:6   | Reached skill level 1 in Long Blades
 16624 | Lair:6   | Gained mutation: Your large and strong wings let you fly indefinitely. [Gargoyle growth]
 16624 | Lair:6   | Reached XP level 14. HP: 68/88 MP: 14/14
 16843 | Lair:6   | Got a crude scale mail
 16844 | Lair:6   | Identified the cursed +0 scale mail "Idgheptu" {rC+ Str+4 Dex+2 Stlth+} (You found it on level 6 of the Lair of Beasts)
 17556 | Lair:6   | Received a gift from Trog
 17760 | Lair:6   | Found a viscous altar of Jiyva.
 17760 | Lair:6   | Found a staircase to the Slime Pits.
 17794 | Lair:6   | Reached skill level 15 in Maces & Flails
 17805 | Lair:6   | Noticed an entropy weaver
 17810 | Lair:6   | Noticed an entropy weaver
 18268 | Lair:6   | Killed an entropy weaver
 18281 | Lair:6   | Mangled by an entropy weaver

Vault maps used:
D:1:      giann_horns
D:2:      first_bread, fedhas_altar_3
D:3:      lemuel_tele_altar
D:4:      wad_rectangle_vault, uniq_blork_the_orc
D:5:      serial_bayou_pond_c, saegor_snake_ambush, uniq_eustachio
D:6:      minmay_temple_entry_large_hall
D:7:      chei_slow_surprise
D:8:      uniq_maurice
D:9:      lemuel_doored_altar, orc_0_dummy
D:10:     lair_entry_dummy
D:11:     wad_woods_minihive, enter_trove_6, uniq_urug, uniq_gastronok
Temple:   compressed_dpeg_circular_temple
Lair:1:   lemuel_old_faithful, minmay_lair_oklob_chamber, serial_bayou_shore_b,
          grunt_megastairs_3
Lair:2:   nicolae_spider_entry_orb_guardian
Lair:3:   beast_lair_carwin_6
Lair:4:   elwin_shoals_entry_rooms, lemuel_fruit_tree, uniq_josephine
Lair:6:   minmay_lair_end_enchanted_forest, slime_altar_1, zaba_antful_of_joy,
          infiniplex_staircase_pool_2

Skill      XL: |  1  2  3  4  5  6  7  8  9 10 11 12 13 14 |
---------------+-------------------------------------------+-----
Maces & Flails | 4 5 6 8 9 10 12 13 14 15 | 15.1
Shields        | 1 2 3 5 7 9 10 11 12 13 | 13.5
Stealth        | 1 |  1.4
Fighting       | 4 5 6 7 8 9 10 11 | 11.4
Armour         | 3 4 6 7 8 10 11 12 | 12.1
Long Blades    | 2 |  2.9
Dodging        | |  1.7

Action                   |  1- 3 |  4- 6 |  7- 9 | 10-12 | 13-15 || total
-------------------------+-------+-------+-------+-------+-------++-------
Melee: Mace              |    19 |       |       |       |       ||    19
       Whip              |   136 |   250 |   754 |   338 |       ||  1478
       Morningstar       |       |       |       |   627 |   776 ||  1403
       Demon blade       |       |       |       |       |    61 ||    61
Invok: Berserk           |       |     3 |    10 |    10 |     6 ||    29
       Trog's Hand       |       |       |     3 |     1 |     1 ||     5
       Brothers in Arms  |       |       |       |       |     1 ||     1
 Abil: Fly               |       |       |       |       |     1 ||     1
  Use: Scroll            |       |    11 |     5 |    16 |     5 ||    37
       Potion            |       |       |     1 |       |       ||     1
 Stab: Sleeping          |       |     2 |       |       |       ||     2
  Eat: Chunk             |     1 |    11 |    19 |    29 |    21 ||    81
       Royal jelly       |       |       |     3 |     3 |       ||     6
Armor: Animal skin       |    16 |       |       |       |       ||    16
       Ring mail         |    45 |    35 |   133 |    21 |       ||   234
       Leather armour    |       |    35 |    17 |       |       ||    52
       Plate armour      |       |       |    89 |       |       ||    89
       Ice dragon scales |       |       |       |   326 |   337 ||   663
Dodge: Dodged            |    74 |    63 |   121 |   236 |   199 ||   693
Block: Shield            |    28 |    71 |   260 |   538 |   493 ||  1390
       Rpst.: Demon blade |       |       |       |       |     8 ||     8

Table legend:
 A = Spawn XP
 B = Non-spawn XP
 C = Spawn XP percentage of total XP
 D = Spawn monster count
 E = Non-spawn monster count
 F = Spawn count percentage of total count
 G = Total turns spent on level
                    A         B        C        D         E        F      G
               +---------+---------+-------+---------+---------+-------+---------
         Total |       0 |   72782 |   0.0 |       0 |     481 |   0.0 | 18281
               +---------+---------+-------+---------+---------+-------+---------
           D:1 |       0 |      60 |   0.0 |       0 |      33 |   0.0 |  1121
           D:2 |       0 |      83 |   0.0 |       0 |      21 |   0.0 |   843
           D:3 |       0 |      55 |   0.0 |       0 |      15 |   0.0 |   960
           D:4 |       0 |     429 |   0.0 |       0 |      15 |   0.0 |  1190
           D:5 |       0 |     213 |   0.0 |       0 |       5 |   0.0 |   624
           D:6 |       0 |     809 |   0.0 |       0 |      23 |   0.0 |   911
           D:7 |       0 |    1539 |   0.0 |       0 |      35 |   0.0 |  1169
           D:8 |       0 |    3025 |   0.0 |       0 |      15 |   0.0 |   955
           D:9 |       0 |     571 |   0.0 |       0 |      13 |   0.0 |   725
          D:10 |       0 |    2661 |   0.0 |       0 |      31 |   0.0 |  1272
          D:11 |       0 |    8370 |   0.0 |       0 |      60 |   0.0 |  1327
        Lair:1 |       0 |    2361 |   0.0 |       0 |      10 |   0.0 |  1092
        Lair:2 |       0 |    5340 |   0.0 |       0 |      17 |   0.0 |   954
        Lair:3 |       0 |    4557 |   0.0 |       0 |      21 |   0.0 |  1042
        Lair:4 |       0 |    9820 |   0.0 |       0 |      36 |   0.0 |   970
        Lair:5 |       0 |    8607 |   0.0 |       0 |      23 |   0.0 |   837
        Lair:6 |       0 |   24282 |   0.0 |       0 |     108 |   0.0 |  2196
               +---------+---------+-------+---------+---------+-------+---------
